 Dungeon Crawl Stone Soup version 0.18.1-1-g2f07953 (webtiles) character file.

7 Geppetto the Conjurer (level 1, -2/7 HPs)
             Began as a Felid Conjurer on May 7, 2016.
             Hit by a stone thrown by a kobold (3 damage)
             ... on level 1 of the Dungeon.
             The game lasted 00:04:22 (465 turns).

Geppetto the Conjurer (Felid Conjurer)               Turns: 465, Time: 00:04:22

Health: -2/7       AC:  1    Str:  4    XL:     1   Next: 91%
Magic:  0/4        EV: 18    Int: 16    God:
Gold:   6          SH:  0    Dex: 16    Spells: 1 memorised, 3 levels left
                                        Lives:  0   Deaths: 0

rFire  . . .     SeeInvis +     (weapon unavailable)
rCold  + . .     Gourm    +     (armour unavailable)
rNeg   . . .     Faith    .     (shield unavailable)
rPois  .         Spirit   .     (helmet unavailable)
rElec  .         Dismiss  .     (cloak unavailable)
rCorr  .         Reflect  .     (gloves unavailable)
SustAt .         Harm     .     (boots unavailable)
MR     .....                    g - amulet of the gourmand
Stlth  +++.......               (no ring)
                                e - ring of protection from cold

@: very slightly contaminated, quick, not resistant to hostile enchantments,
fairly stealthy
A: no armour, no weapons or thrown items, claws 1, fangs 3, see invisible,
carnivore 3, speed 1, shaggy fur 1, slow metabolism 1, sharp paws
a: no special abilities


You were on level 1 of the Dungeon.
You were completely stuffed.

You visited 1 branch of the dungeon, and saw 1 of its levels.

You collected 6 gold pieces.

Inventory:

Jewellery
 e - a ring of protection from cold (left paw)
 g - an amulet of the gourmand (around neck)
Scrolls
 f - 2 scrolls of teleportation {unknown}
 h - a scroll of remove curse {unknown}
Books
 a - a book of Conjurations

   Spells                             Type                      Level
   a - Magic Dart                     Conjuration                  1
   b - Searing Ray                    Conjuration                  2
   c - Dazzling Spray                 Conjuration/Hexes            3
   d - Fulminant Prism                Conjuration/Hexes            4
   e - Iskenderun's Mystic Blast      Conjuration                  4
   f - Iskenderun's Battlesphere      Conjuration/Charms           5
Comestibles
 b - a meat ration
 c - a royal jelly


   Skills:
 + Level 2.9 Dodging
 + Level 2.9 Stealth
 - Level 2.0 Spellcasting
 * Level 3.9 Conjurations


You had 3 spell levels left.
You knew the following spells:

 Your Spells              Type           Power        Failure   Level  Hunger
a - Magic Dart            Conj           ##..         6%          1    #......


Dungeon Overview and Level Annotations

Branches:
Dungeon (1/15)

Altars:


Innate Abilities, Weirdness & Mutations

You cannot wear armour.
You are incapable of wielding weapons or throwing items.
You have sharp claws.
You have razor-sharp teeth.
You have supernaturally acute eyesight.
You are carnivorous and can eat meat at any time.
You cover ground quickly.
You are covered in fur (AC +1).
You have a slow metabolism.
Your sharp claws are effective at attacking unaware monsters.


Message History

Confirm with . or Enter, or press ? or * to list all spells.
Aiming: Magic Dart
Press: ? - help, Shift-Dir - straight line, f - kobold
Aim: a kobold, wielding a dagger (hasn't noticed you)
The magic dart hits the kobold.
The kobold throws a stone.
The stone barely misses you.
The kobold throws a stone.
The stone completely misses you.
Found 11 gold pieces.
The kobold hits you with a dagger.
Ouch! That really hurt!
* * * LOW HITPOINT WARNING * * *
Found a club.
The kobold throws a stone.
The stone closely misses you.
You see here a stone.
You see here a scroll labeled OBUPESKOUPO.
f - 2 scrolls labeled OBUPESKOUPO (gained 1)
The kobold throws a stone.
The stone hits you.
* * * LOW HITPOINT WARNING * * *
The kobold throws a stone.
The stone hits you.
You die...

.......... #.........#
#.........# #.........#
#.........# #.........#
#.........# #.......(.# .
#......@..# ..).. ..
###...#..#####..... .. #
#...##.K(......$... .. ..
#...##.#.#†#.#......#.
...#####...##(...?.........#>
?.........# #.#.#.#.#........
..........# #................
#........# #.#.#.#.#..# #...
#........# #.........## +...


You could see a kobold.

Vanquished Creatures
  2 bats (D:1)
  A giant cockroach (D:1)
  2 giant newts (D:1)
  A kobold (D:1)
  3 rats (D:1)
9 creatures vanquished.

Notes
Turn   | Place    | Note
--------------------------------------------------------------
     0 | D:1      | Geppetto the Felid Conjurer began the quest for the Orb.
     0 | D:1      | Reached XP level 1. HP: 7/7 MP: 4/4
   465 | D:1      | Hit by a stone thrown by a kobold

Action                   || total
-------------------------++-------
Melee: Unarmed           ||    12
       Bite              ||     2
 Cast: Magic Dart        ||    18
  Use: Scroll            ||     1
  Eat: Chunk             ||     7
Armor: Skin              ||     3
Dodge: Dodged            ||    24
